[Event "Titled Tuesday Blitz May 9 Early 2023"]
[White "Berezin, Viktor"]
[Black "Avalos Parra, Joao"]
[WhiteFideId "14107872"]
[BlackFideId "3402541"]
[WhiteElo "2310"]
[BlackElo "2173"]
[Result "0-1"]
[Round "11"]
[TimeControl "180+2"]
[Date "2023.05.09"]
[WhiteClock "0:00:04"]
[BlackClock "0:00:06"]

1. d4 d5 2. c4 e6 3. Nf3 Nf6 4. g3 Bb4+ 5. Nbd2 O-O 6. Bg2 b6 7. O-O Bb7 8. Ne5 Qc8 9. Ndf3 Nbd7 10. a3 Bd6 11. Bf4 h6 12. Rc1 Bxe5 13. Nxe5 dxc4 14. Nc6 Re8 15. Rxc4 Nd5 16. Rc1 Nxf4 17. gxf4 Nb8 18. e3 Qd7 19. Ne7+ Qxe7 20. Bxb7 Nd7 21. Bxa8 Rxa8 22. Rxc7 Qd6 23. Qf3 Qxc7 24. Qxa8+ Kh7 25. Qe4+ Kg8 26. Qb1 Nf6 27. Rc1 Qb7 28. Qc2 Qf3 29. Qd1 Qh3 30. Qf1 Qg4+ 31. Qg2 Qe2 32. b4 Qb2 33. Qf1 Qxa3 34. Rc8+ Kh7 35. Qb1+ g6 36. Rc7 Kg7 37. Rc2 a5 38. Ra2 Qc3 39. bxa5 bxa5 40. Qa1 Qd3 41. d5 Qxd5 42. Rxa5 Qf3 43. Ra2 h5 44. Qd4 h4 45. Kf1 h3 46. Ke1 Qh1+ 47. Ke2 Qxh2 48. Ra8 Qg2 49. Qd8 Qg4+ 50. Kd2 Nh7 51. Qd4+ Kh6 52. Ra1 h2 53. Qe4 Qg1 54. Qh1 Qxf2+ 55. Kd3 Qg3 56. Rf1 Nf6 57. Rf3 Qg4 58. Qxh2+ Kg7 59. Qf2 Qf5+ 60. Ke2 Ne4 61. Qg2 Qb5+ 62. Ke1 Qb1+ 63. Ke2 Qc2+ 64. Kf1 Qd1# 0-1


[Site "https://www.chess.com"]

[Event "Titled Tuesday Blitz May 9 Early 2023"]
[White "bubeliang"]
[Black "Jaskolka, Tomasz"]
[BlackFideId "1170791"]
[WhiteElo "2636"]
[BlackElo "2155"]
[Result "0-1"]
[Round "11"]
[TimeControl "180+2"]
[Date "2023.05.09"]
[WhiteClock "0:00:17"]
[BlackClock "0:00:14"]

1. e4 e6 2. d3 d5 3. Qe2 Ne7 4. Nf3 g6 5. h4 h6 6. g3 Bg7 7. Bg2 c5 8. O-O Nbc6 9. e5 b6 10. c3 a5 11. c4 Bb7 12. Nc3 O-O 13. Bf4 Kh7 14. Rad1 Nf5 15. Nb5 Qd7 16. g4 Nfd4 17. Nfxd4 Nxd4 18. Nxd4 cxd4 19. Rc1 dxc4 20. Rxc4 Bxg2 21. Kxg2 Rfc8 22. Rfc1 Rxc4 23. Rxc4 Rc8 24. b3 b5 25. Rxc8 Qxc8 26. Qe4 Qc5 27. h5 a4 28. bxa4 bxa4 29. Qb7 gxh5 30. gxh5 Kg8 31. Qb8+ Kh7 32. Qe8 Qd5+ 33. Kg1 Qxa2 34. Qxf7 Qb1+ 35. Kg2 Qxd3 36. Qxe6 Qe4+ 37. Kg3 Qd3+ 38. f3 a3 39. Qf7 Qb1 40. e6 a2 41. e7 Qg1+ 42. Kh3 a1=Q 43. Qg6+ Qxg6 44. hxg6+ Kxg6 45. e8=Q+ Kf5 46. Qe4+ Kf6 47. Be5+ Kf7 48. Qd5+ Kg6 49. Qe4+ Kf7 50. Qb7+ Ke6 51. Bxg7 Qh1+ 52. Kg3 Qg1+ 53. Kh4 Qh2+ 54. Kg4 Qg2+ 55. Kf4 Qd2+ 56. Kg3 Qe1+ 57. Kg2 Qe2+ 58. Kh3 Qf1+ 59. Kh4 Qh1+ 60. Kg4 Qg1+ 61. Kf4 Qg5+ 62. Ke4 Qe3# 0-1


[Site "https://www.chess.com"]

[Event "Titled Tuesday Blitz May 9 Early 2023"]
[White "Piesik, Piotr"]
[Black "cristianserban1"]
[WhiteFideId "1136194"]
[WhiteElo "2299"]
[BlackElo "2505"]
[Result "1-0"]
[Round "11"]
[TimeControl "180+2"]
[Date "2023.05.09"]
[WhiteClock "0:01:25"]
[BlackClock "0:00:01"]

1. Nf3 Nf6 2. g3 g6 3. Bg2 Bg7 4. O-O O-O 5. d4 d5 6. c4 c6 7. Nc3 Re8 8. Qb3 dxc4 9. Qxc4 b5 10. Qd3 Bb7 11. Ne5 Nfd7 12. Nxd7 Qxd7 13. Ne4 Qxd4 14. Qb3 Qb6 15. Be3 Qc7 16. Rfd1 Nd7 17. Ng5 Rf8 18. Rac1 h6 19. Ne4 a5 20. Qxb5 Ba6 21. Rxc6 Bxb5 22. Rxc7 Rad8 23. Nc3 Bxc3 24. bxc3 Nf6 25. Rxd8 Rxd8 26. Bf3 g5 27. h3 e5 28. Rc5 Rb8 29. Rxe5 Nd7 30. Rd5 Nf6 31. Rc5 Ba4 32. Rxa5 1-0


[Site "https://www.chess.com"]

[Event "Titled Tuesday Blitz May 9 Early 2023"]
[White "Yonal, Timur"]
[Black "Nikologorskiy, Konstantin"]
[WhiteFideId "44115725"]
[BlackFideId "24111708"]
[WhiteElo "1966"]
[BlackElo "2273"]
[Result "1-0"]
[Round "11"]
[TimeControl "180+2"]
[Date "2023.05.09"]
[WhiteClock "0:00:50"]
[BlackClock "0:00:07"]

1. e4 c5 2. Nf3 d6 3. Bb5+ Bd7 4. Bxd7+ Nxd7 5. O-O Ngf6 6. Re1 g6 7. c3 Bg7 8. d4 O-O 9. h3 d5 10. e5 Ne4 11. Nbd2 f5 12. Nxe4 fxe4 13. Ng5 Rf5 14. Qb3 Qb6 15. Qxd5+ Kh8 16. Qxd7 cxd4 17. cxd4 Raf8 18. Ne6 R8f7 19. Qc8+ Bf8 20. Bh6 Rxf2 21. Bxf8 h5 22. Bg7+ Kh7 23. Qh8# 1-0


[Site "https://www.chess.com"]

[Event "Titled Tuesday Blitz May 9 Early 2023"]
[White "Kleiman, Jake"]
[Black "Shvedova, Alexandra"]
[WhiteFideId "2020041"]
[BlackFideId "54154782"]
[WhiteElo "2592"]
[BlackElo "1973"]
[Result "1-0"]
[Round "11"]
[TimeControl "180+2"]
[Date "2023.05.09"]
[WhiteClock "0:00:14"]
[BlackClock "0:00:04"]

1. e4 c5 2. c3 Nf6 3. e5 Nd5 4. Bc4 Nb6 5. Bb3 c4 6. Bc2 Nc6 7. Nf3 d6 8. exd6 e5 9. Qe2 Bxd6 10. b3 cxb3 11. axb3 O-O 12. Na3 a6 13. Nc4 Nxc4 14. bxc4 Re8 15. Be4 Ne7 16. g4 Qc7 17. d3 Ng6 18. Rg1 Bd7 19. Kf1 Bc6 20. Ng5 b5 21. cxb5 axb5 22. Rxa8 Rxa8 23. Kg2 h6 24. Bxc6 Qxc6+ 25. Ne4 Ra1 26. Kh1 Qa8 27. Qf3 Be7 28. h3 Qa2 29. g5 Qc2 30. Bd2 Rxg1+ 31. Kxg1 hxg5 32. Qf5 Qd1+ 33. Kh2 Nh4 34. Qc8+ Kh7 35. Qg4 Qxg4 36. hxg4 Kg6 37. Kg3 f5 38. gxf5+ Nxf5+ 39. Kf3 Kf7 40. Bxg5 Bf8 41. Bd2 Ke6 42. Kg4 Nd6 43. Nxd6 Bxd6 44. Kg5 Bc5 45. f3 Kf7 46. Kf5 Bd6 47. Bc1 g6+ 48. Ke4 Ke6 49. Bd2 Be7 50. Be1 Bf6 51. c4 bxc4 52. dxc4 Be7 53. Bc3 Bd6 54. Bb2 Bc7 55. c5 Bb8 56. Bc3 Bc7 57. Bb4 Bb8 58. c6 Bc7 59. Bc5 Bd8 60. Bf8 Bc7 61. Bg7 Kd6 62. Bxe5+ Kxc6 63. Bxc7 Kxc7 64. Ke5 Kd7 65. Kf6 Kd6 66. Kxg6 Ke5 67. Kg5 Ke6 68. f4 Kf7 69. Kf5 Kg7 70. Ke6 Kf8 71. Kf6 Ke8 72. f5 Kf8 73. Kg6 Ke8 74. f6 Kf8 75. f7 1-0


[Site "https://www.chess.com"]

[Event "Titled Tuesday Blitz May 9 Early 2023"]
[White "Martic, Ivan"]
[Black "Omranalhosani21"]
[WhiteFideId "929301"]
[WhiteElo "2360"]
[BlackElo "2590"]
[Result "1-0"]
[Round "11"]
[TimeControl "180+2"]
[Date "2023.05.09"]
[WhiteClock "0:00:35"]
[BlackClock "0:00:00"]

1. d4 d5 2. c4 c6 3. Nc3 Nf6 4. Nf3 g6 5. e3 Bg7 6. Be2 O-O 7. O-O b6 8. b3 Bb7 9. Bb2 Nbd7 10. cxd5 cxd5 11. Rc1 a6 12. a4 e6 13. Ba3 Re8 14. Qc2 Rc8 15. Qb1 Bf8 16. Qb2 Bxa3 17. Qxa3 Qe7 18. Qxe7 Rxe7 19. Rc2 Nb8 20. Rfc1 Rec7 21. Bd3 Kg7 22. Ne5 Nfd7 23. f4 Nxe5 24. fxe5 Nd7 25. b4 f6 26. exf6+ Nxf6 27. h3 Nd7 28. a5 b5 29. Ne2 Rxc2 30. Rxc2 Rxc2 31. Bxc2 Kf6 32. h4 e5 33. Kf2 Nf8 34. g4 h6 35. dxe5+ Kxe5 36. Nd4 Bc8 37. Kg3 Bd7 38. Nf3+ Kf6 39. g5+ hxg5 40. hxg5+ Ke6 41. Nd4+ Kd6 42. Kf4 Be8 43. e4 dxe4 44. Bxe4 Ne6+ 45. Nxe6 Kxe6 46. Bb7 Kd6 47. Bxa6 Kc7 48. Ke5 Kb8 49. Kd6 Ka7 50. Bc8 Bf7 51. Bd7 Bc4 52. Kc5 Kb7 53. Bc6+ Kc7 54. Bxb5 Bf7 55. Bd3 Be8 56. b5 Kb7 57. b6 Kb8 58. a6 Ka8 59. Be4+ 1-0


[Site "https://www.chess.com"]

[Event "Titled Tuesday Blitz May 9 Early 2023"]
[White "Liu, Casper"]
[Black "Ismagilov, Damir"]
[WhiteFideId "1454153"]
[BlackFideId "34199982"]
[WhiteElo "2221"]
[BlackElo "2143"]
[Result "0-1"]
[Round "11"]
[TimeControl "180+2"]
[Date "2023.05.09"]
[WhiteClock "0:01:27"]
[BlackClock "0:01:59"]

1. d4 Nf6 2. Bf4 e6 3. e3 c5 4. Nf3 cxd4 5. exd4 b6 6. Nbd2 Bb7 7. Nc4 d6 8. c3 Be7 9. Qa4+ Bc6 10. Qa3 Ne4 11. Qb3 O-O 12. Bd3 b5 13. Na5 Qxa5 0-1


[Site "https://www.chess.com"]

[Event "Titled Tuesday Blitz May 9 Early 2023"]
[White "Bruedigam, Martin"]
[Black "Gutkin, Ilya"]
[WhiteFideId "24608033"]
[BlackFideId "16203470"]
[WhiteElo "2331"]
[BlackElo "2265"]
[Result "1/2-1/2"]
[Round "11"]
[TimeControl "180+2"]
[Date "2023.05.09"]
[WhiteClock "0:00:09"]
[BlackClock "0:00:03"]

1. d4 e6 2. c4 Bb4+ 3. Nc3 c5 4. dxc5 Bxc5 5. Nf3 Nf6 6. g3 O-O 7. Bg2 d5 8. cxd5 exd5 9. O-O Nc6 10. Bg5 Be6 11. Rc1 Bb6 12. Na4 Bc7 13. Nc5 Bc8 14. Qb3 Bb6 15. Rfd1 h6 16. Bxf6 Qxf6 17. Rxd5 Re8 18. e3 Bg4 19. Nd7 Bxd7 20. Rxd7 Re7 21. Rcd1 Rae8 22. a3 g6 23. Rxe7 Rxe7 24. Rd2 Na5 25. Qd3 Rc7 26. h4 Rc1+ 27. Kh2 Nc4 28. Rc2 Nxb2 29. Qe2 Rxc2 30. Qxc2 Kg7 31. Ng1 Ba5 32. Bxb7 Qc3 33. Qxc3+ Bxc3 34. Bd5 Nd3 35. Kg2 Be1 36. Nh3 Bd2 37. Kf1 Bc1 38. a4 Nc5 39. Bc6 Kf6 40. Kg2 Ke5 41. g4 Kd6 42. Be8 Ke7 43. Bb5 a6 44. Bc4 Nxa4 45. Bxa6 Nc5 46. Bc4 Nd7 47. Nf4 Ne5 48. Ba2 Nxg4 49. Kf3 Ne5+ 50. Kg2 Nd7 51. Kf3 Ba3 52. Nd5+ Kf8 53. Bb3 Bd6 54. Kg2 Ne5 55. Ba2 Be7 56. Kh3 Bd6 57. f4 Nd3 58. Kg3 Nc5 59. Bc4 Ne4+ 60. Kg2 Nc5 61. Kg3 Ne4+ 62. Kg2 Nc5 63. Kg3 1/2-1/2


[Site "https://www.chess.com"]

[Event "Titled Tuesday Blitz May 9 Early 2023"]
[White "Gontcharov, Vladislav"]
[Black "Titichoca Daza, Daniel"]
[WhiteFideId "4123492"]
[BlackFideId "3309550"]
[WhiteElo "2420"]
[BlackElo "2101"]
[Result "0-1"]
[Round "11"]
[TimeControl "180+2"]
[Date "2023.05.09"]
[WhiteClock "0:00:00"]
[BlackClock "0:00:31"]

1. d4 d5 2. c4 dxc4 3. Nf3 Nf6 4. e3 e6 5. Bxc4 a6 6. O-O c5 7. Nc3 b5 8. Bb3 Bb7 9. Qe2 Nbd7 10. Rd1 Qb6 11. e4 cxd4 12. Nxd4 Bc5 13. Be3 h5 14. h3 Rg8 15. a4 g5 16. axb5 axb5 17. Rxa8+ Bxa8 18. Qxb5 Qxb5 19. Ncxb5 Bxe4 20. Nc3 Bb7 21. Ba4 Ke7 22. Re1 g4 23. hxg4 Rxg4 24. Nf5+ Kf8 25. Bxc5+ Nxc5 26. Ne3 Rxa4 27. Nxa4 Nxa4 28. b4 Nc3 29. Kh2 Nfd5 30. Nxd5 Nxd5 31. b5 Ke7 32. Rc1 Kd6 33. Rc4 e5 34. Rh4 Nf6 35. f3 Kc5 36. Rh3 Kxb5 37. Rg3 Kc5 38. Rg7 Bd5 39. Kg3 Be6 40. Kh4 Kd4 41. Kg5 Nd5 42. Kxh5 Ke3 43. Kh4 Kf2 44. Rg5 Nf4 45. Rxe5 Ng6+ 0-1


[Site "https://www.chess.com"]

[Event "Titled Tuesday Blitz May 9 Early 2023"]
[White "Janaszak, Dawid"]
[Black "Vivas Zamora, Fabian Ernesto"]
[WhiteFideId "1119206"]
[BlackFideId "3902480"]
[WhiteElo "2220"]
[BlackElo "2244"]
[Result "1-0"]
[Round "11"]
[TimeControl "180+2"]
[Date "2023.05.09"]
[WhiteClock "0:00:04"]
[BlackClock "0:00:00"]

1. e4 c5 2. Nc3 d6 3. f4 g6 4. Nf3 Bg7 5. Bc4 Nc6 6. O-O e6 7. d4 cxd4 8. Nb5 Nge7 9. Bb3 O-O 10. Nbxd4 Nxd4 11. Nxd4 Nc6 12. c3 a6 13. Kh1 Qc7 14. Be3 b5 15. f5 Nxd4 16. Bxd4 exf5 17. Bxg7 Kxg7 18. Qd4+ f6 19. Rad1 fxe4 20. Qxe4 Bb7 21. Qf4 Rae8 22. Rd2 Qc5 23. Rfd1 Qe5 24. Qf2 Re7 25. Rxd6 Rfe8 26. Rd7 Rxd7 27. Rxd7+ Re7 28. Rxe7+ Qxe7 29. h3 h5 30. Kh2 Qe5+ 31. Qg3 Qe4 32. Qc7+ Kh6 33. Qg3 h4 34. Qf2 Qe5+ 35. Kg1 Qg5 36. Bd1 Kg7 37. Bf3 Qc1+ 38. Kh2 Qf4+ 39. Kg1 Bxf3 40. gxf3 Kh6 41. Kg2 Kg5 42. Qe1 Qe5 43. Qd2+ Kh5 44. Qd1 Qf4 45. Qe1 Qe5 46. Qf2 Qf4 47. Qe1 a5 48. b3 a4 49. bxa4 bxa4 50. Qf2 Qc4 51. Qd2 f5 52. a3 Qb3 53. Qe2 Qxc3 54. f4+ Kh6 55. Qf2 Kh5 56. Qe2+ Kh6 57. Qf2 g5 58. fxg5+ Kxg5 59. Qa7 Qc2+ 60. Kf3 Qe4+ 61. Kf2 Qc2+ 62. Kf3 Qb3+ 63. Kg2 Qb2+ 64. Kf3 Qxa3+ 65. Kf2 Qg3+ 66. Ke2 Qg2+ 67. Kd1 Qxh3 68. Qe7+ Kg4 69. Qg7+ Kf3 70. Qc3+ Kg2 71. Qd2+ Kh1 72. Qd5+ Qg2 73. Qxf5 h3 74. Qh5 h2 75. Ke1 Qe4+ 76. Kf1 Qf4+ 77. Ke1 Qg3+ 78. Kf1 Qd3+ 79. Kf2 Qd2+ 80. Kf1 Qf4+ 81. Ke1 Kg1 82. Qg6+ 1-0


[Site "https://www.chess.com"]

[Event "Titled Tuesday Blitz May 9 Early 2023"]
[White "Golubev, Mikhail"]
[Black "Al-Tarboush, Ward"]
[WhiteFideId "14100983"]
[BlackFideId "7601450"]
[WhiteElo "2374"]
[BlackElo "2265"]
[Result "1/2-1/2"]
[Round "11"]
[TimeControl "180+2"]
[Date "2023.05.09"]
[WhiteClock "0:00:15"]
[BlackClock "0:00:14"]

1. e4 e6 2. d4 d5 3. Nc3 Nf6 4. e5 Nfd7 5. f4 c5 6. Nf3 Nc6 7. Be3 a6 8. a3 b5 9. dxc5 Bxc5 10. Bxc5 Nxc5 11. Nd4 Qb6 12. Nxc6 Qxc6 13. Qd4 Bb7 14. Bd3 O-O 15. O-O Nd7 16. Ne2 Rac8 17. Rf3 Qc5 18. c3 f6 19. exf6 Rxf6 20. Re3 Rcf8 21. Re1 h6 22. b4 Qd6 23. Bc2 Rc8 24. Qd3 Nf8 25. g3 Bc6 26. Nd4 Bd7 27. Rf1 Be8 28. Rf2 Bg6 29. Qd2 Bxc2 30. Qxc2 Qb6 31. Kg2 Re8 32. Qe2 Qc7 33. Rff3 Qd6 34. Qe1 Qc7 35. Re2 Qc4 36. Rfe3 Qc8 37. f5 Nh7 38. Nxe6 Rxf5 39. Nd4 Rxe3 40. Rxe3 Rf8 41. Re7 Ng5 42. Ne6 Nxe6 43. Qxe6+ Qxe6 44. Rxe6 Rc8 45. Rxa6 Rxc3 46. Rd6 Rd3 47. Rb6 Rxa3 48. Rxb5 d4 49. Rd5 d3 50. b5 Ra2+ 51. Kf3 Rxh2 52. Rxd3 Rb2 53. Rd5 g5 54. g4 Kf7 55. Ke4 Ke6 56. Re5+ Kf6 57. Rf5+ Ke6 58. Kf3 Rb4 59. Kg3 Rc4 60. Kf3 Rd4 61. Kg3 Rb4 62. Kf3 Rb3+ 63. Kg2 Rb1 64. Kg3 Rb3+ 65. Kg2 Rb2+ 66. Kg3 Rb4 67. Kf3 Rc4 68. Kg3 Rc3+ 69. Kg2 Rb3 70. Kf2 Ke7 71. Kg2 Kd7 72. Kf2 Ke6 73. Kg2 1/2-1/2


[Site "https://www.chess.com"]

[Event "Titled Tuesday Blitz May 9 Early 2023"]
[White "Makhmudov, Shukhrat"]
[Black "Reprintsev, Alexander"]
[WhiteFideId "14200775"]
[BlackFideId "14100541"]
[WhiteElo "2135"]
[BlackElo "2218"]
[Result "0-1"]
[Round "11"]
[TimeControl "180+2"]
[Date "2023.05.09"]
[WhiteClock "0:00:20"]
[BlackClock "0:01:38"]

1. e4 d5 2. exd5 Qxd5 3. Nc3 Qa5 4. b4 Qxb4 5. Rb1 Qd6 6. Rb3 Nf6 7. Ba3 Qd8 8. Nf3 Nbd7 9. Qa1 e6 10. Bxf8 Nxf8 11. Bd3 N8d7 12. Ne4 O-O 13. O-O Nxe4 14. Bxe4 Nc5 15. Re3 Bd7 16. Ne5 Nxe4 17. Rxe4 f6 18. Nxd7 Qxd7 19. Qc3 Rad8 20. d3 Rfe8 21. Rfe1 Kh8 22. Qb3 b6 23. Rxe6 Rxe6 24. Qxe6 h6 25. Qe4 c5 26. Qg6 b5 27. h3 a5 28. Qh5 Rc8 29. Re4 a4 30. Qe2 Qd5 31. Re7 Qxa2 32. Rb7 Qa1+ 33. Kh2 Qe5+ 34. g3 Qxe2 0-1


[Site "https://www.chess.com"]

[Event "Titled Tuesday Blitz May 9 Early 2023"]
[White "Nissinen, Niilo Man"]
[Black "Boldoo, Erdenepurev"]
[WhiteFideId "30950767"]
[BlackFideId "4901037"]
[WhiteElo "1952"]
[BlackElo "2299"]
[Result "0-1"]
[Round "11"]
[TimeControl "180+2"]
[Date "2023.05.09"]
[WhiteClock "0:00:04"]
[BlackClock "0:00:06"]

1. e4 e6 2. d4 d5 3. e5 c5 4. c3 Nc6 5. Nf3 Bd7 6. Na3 f6 7. Bd3 c4 8. Bc2 a6 9. b3 b5 10. Nb1 Qc7 11. a4 cxb3 12. Bxb3 Rb8 13. axb5 axb5 14. Bf4 f5 15. O-O h6 16. Nh4 Nge7 17. Qh5+ Kd8 18. Ng6 Be8 19. Nxf8 Rxf8 20. Qh3 Ng6 21. Bc1 b4 22. Ba4 Ra8 23. Bb2 Nxd4 24. cxd4 Rxa4 25. Qb3 Qc4 26. Nd2 Qxb3 27. Nxb3 Nf4 28. Rxa4 Bxa4 29. Nc5 Bb5 30. Ra1 Ke8 31. g3 Ne2+ 32. Kg2 Kf7 33. Ra7+ Kg8 34. Nxe6 Rc8 35. Rxg7+ Kh8 36. Rb7 Rc2 37. Rxb5 Rxb2 38. Rb8+ Kh7 39. Nf8+ Kg7 40. e6 Kf6 41. Rb7 Nxd4 42. Rf7+ Kg5 43. e7 Re2 44. Rg7+ Kf6 45. Rg6+ Kf7 46. Rb6 b3 47. Rb4 b2 48. Ne6 Nxe6 49. e8=Q+ Kxe8 50. Kf3 Nd4+ 51. Rxd4 b1=Q 52. Kxe2 Qb2+ 53. Ke3 Qc3+ 54. Rd3 Qe5+ 55. Kd2 Kf7 56. Re3 Qb2+ 57. Ke1 d4 58. Re2 Qc1# 0-1


[Site "https://www.chess.com"]

[Event "Titled Tuesday Blitz May 9 Early 2023"]
[White "Howell, David W L"]
[Black "ArtemDyachuk"]
[WhiteFideId "410608"]
[WhiteElo "2567"]
[BlackElo "2535"]
[Result "1-0"]
[Round "11"]
[TimeControl "180+2"]
[Date "2023.05.09"]
[WhiteClock "0:00:57"]
[BlackClock "0:00:02"]

1. e4 c6 2. d4 d5 3. e5 c5 4. c3 Nc6 5. Ne2 Bf5 6. dxc5 e6 7. Be3 Nge7 8. Nd4 Nxe5 9. Bb5+ N5c6 10. Nd2 e5 11. N4f3 a6 12. Ba4 Qc7 13. O-O O-O-O 14. b4 d4 15. cxd4 exd4 16. Bg5 f6 17. Bh4 Nd5 18. Bg3 Qd7 19. Nc4 b5 20. cxb6 Nc3 21. Qb3 Bd3 22. Rfe1 Qd5 23. Bxc6 Qxc6 24. Na5 Qxb6 25. Re6 Qxb4 26. Rc6+ 1-0


[Site "https://www.chess.com"]

[Event "Titled Tuesday Blitz May 9 Early 2023"]
[White "Hayrapetyan, Hovik"]
[Black "Rosenberg, Evan S"]
[WhiteFideId "13302639"]
[BlackFideId "2019299"]
[WhiteElo "2348"]
[BlackElo "2295"]
[Result "1-0"]
[Round "11"]
[TimeControl "180+2"]
[Date "2023.05.09"]
[WhiteClock "0:00:07"]
[BlackClock "0:00:00"]

1. d4 d5 2. c4 e6 3. Nc3 c5 4. cxd5 cxd4 5. Qa4+ Bd7 6. Qxd4 exd5 7. Qxd5 Nf6 8. Qd1 Bc5 9. e3 O-O 10. Nf3 Qe7 11. Be2 Rd8 12. O-O Nc6 13. Bd2 Ne5 14. Qb3 Bc6 15. Rad1 Nxf3+ 16. Bxf3 Bxf3 17. gxf3 Bd6 18. Ne2 Qe5 19. Ng3 h5 20. Bc3 Qg5 21. Bxf6 Qxf6 22. Qxb7 h4 23. Ne2 Rab8 24. Qe4 Rb4 25. Rd4 Rxd4 26. Nxd4 h3 27. f4 Bxf4 28. Kh1 Bxe3 29. Nf5 Bg5 30. f4 Bh6 31. Ng3 Qxb2 32. Qf3 Rd3 33. Qa8+ Kh7 34. Qe4+ g6 35. f5 Re3 36. fxg6+ 1-0


[Site "https://www.chess.com"]

[Event "Titled Tuesday Blitz May 9 Early 2023"]
[White "Zhu, Jiner"]
[Black "Bettalli, Francesco"]
[WhiteFideId "8608059"]
[BlackFideId "2816453"]
[WhiteElo "2384"]
[BlackElo "2216"]
[Result "1-0"]
[Round "11"]
[TimeControl "180+2"]
[Date "2023.05.09"]
[WhiteClock "0:00:13"]
[BlackClock "0:01:10"]

1. c4 g6 2. d4 Bg7 3. Nc3 c5 4. d5 Bxc3+ 5. bxc3 f5 6. g4 fxg4 7. h3 gxh3 8. Nxh3 d6 9. Ng5 h6 10. Qd3 Bf5 11. e4 Bd7 12. Bh3 Bxh3 13. Rxh3 Qd7 14. Ne6 Na6 15. e5 Kf7 16. Rf3+ Nf6 17. exf6 exf6 18. Bd2 Nc7 19. Nf4 Rae8+ 20. Kf1 Rhg8 21. Rg3 f5 22. Rf3 Kg7 23. Re1 Rxe1+ 24. Bxe1 g5 25. Ne6+ Nxe6 26. dxe6 Qxe6 27. Rxf5 Re8 28. Bd2 Qe4 29. Qxe4 Rxe4 30. Rd5 Rxc4 31. Rxd6 Ra4 32. Rd7+ Kg6 33. Rxb7 Rxa2 34. Be3 Rc2 35. Bxc5 Rxc3 36. Bxa7 h5 37. Be3 g4 38. Rb6+ Kf5 39. Rb5+ Ke4 40. Kg2 h4 41. Rb4+ Kd3 42. Rxg4 Ke2 43. Rxh4 Rc8 44. Rg4 Rf8 45. Kg3 Rf3+ 46. Kg2 Rf8 47. Rg5 Rf7 48. Re5 Kd1 49. f4 Ke2 50. Bf2+ Kd3 51. Kf3 Kc4 52. f5 Kd3 53. Kf4 Rh7 54. f6 Kc4 55. Kf5 Rh4 56. Be3 Rh5+ 57. Bg5 Kd4 58. f7 Rh8 59. Re8 Rh1 60. f8=Q Rf1+ 61. Bf4 1-0


[Site "https://www.chess.com"]

[Event "Titled Tuesday Blitz May 9 Early 2023"]
[White "Mirzoev, Azer"]
[Black "Arat, Ufuk Sezen"]
[WhiteFideId "13400304"]
[BlackFideId "6309089"]
[WhiteElo "2525"]
[BlackElo "2289"]
[Result "1-0"]
[Round "11"]
[TimeControl "180+2"]
[Date "2023.05.09"]
[WhiteClock "0:02:05"]
[BlackClock "0:01:09"]

1. e4 c5 2. Nc3 e6 3. g3 d5 4. exd5 exd5 5. d3 Nf6 6. Bg2 Nc6 7. Bg5 Be7 8. Nge2 d4 9. Bxf6 Bxf6 10. Ne4 O-O 11. O-O Be7 12. Nf4 Rb8 13. Re1 Bf5 14. a3 Re8 15. Qh5 Bg6 16. Nxg6 hxg6 17. Qh3 Bf8 18. f4 Be7 19. Re2 f5 20. Nd2 Qd7 21. Rae1 Bf6 22. Bd5+ Qxd5 23. Rxe8+ Rxe8 24. Rxe8+ Kf7 25. Qh8 Ne7 26. Qf8+ Ke6 27. Qg8+ Kd7 28. Rxe7+ 1-0


[Site "https://www.chess.com"]

[Event "Titled Tuesday Blitz May 9 Early 2023"]
[White "Rosen, Eric"]
[Black "koncheto"]
[WhiteFideId "2032562"]
[WhiteElo "2331"]
[BlackElo "2466"]
[Result "0-1"]
[Round "11"]
[TimeControl "180+2"]
[Date "2023.05.09"]
[WhiteClock "0:00:18"]
[BlackClock "0:00:14"]

1. d4 Nf6 2. Bf4 e6 3. e3 c5 4. Nf3 d5 5. Nbd2 Bd6 6. Bb5+ Nc6 7. O-O O-O 8. c3 Qc7 9. Bg3 Bxg3 10. hxg3 Nd7 11. e4 a6 12. exd5 axb5 13. dxc6 bxc6 14. Ne4 cxd4 15. Qxd4 c5 16. Qd6 Qxd6 17. Nxd6 b4 18. cxb4 cxb4 19. Rfd1 Ba6 20. a3 Be2 21. Rd4 bxa3 22. Rxa3 Rab8 23. b4 g6 24. Ra7 Bxf3 25. Rxd7 Bd5 26. Rf4 f5 27. Rh4 h5 28. Rd4 Rfd8 29. Rxd8+ Rxd8 30. Nc4 Rb8 31. Ne5 g5 32. f4 g4 33. Kf2 Rb5 34. Nd3 Kf8 35. Nc5 Ke7 36. Nd3 Be4 37. Ne5 Rb7 38. Ng6+ Kf6 39. Ne5 Bd5 40. Nd3 Ra7 41. Ne1 Ra2+ 42. Ke3 Ke7 43. Rd2 Ra3+ 44. Rd3 Ra1 45. Kf2 Rb1 46. Rd4 Kd6 47. Nd3 Ra1 48. Nc5 Ra2+ 49. Ke3 Rxg2 50. Nd3 Rxg3+ 51. Kd2 h4 52. b5 h3 53. Nf2 h2 54. Ke2 Rg2 55. Rd1 Rxf2+ 56. Kxf2 h1=Q 57. Rd2 Qh2+ 58. Ke1 Qxd2+ 59. Kxd2 Kc5 60. b6 Kxb6 61. Ke3 Kc5 62. Kf2 Kd4 63. Kg3 Ke4 64. Kf2 Kxf4 65. Kg1 g3 66. Kf1 Kg4 67. Kg1 Kh3 68. Kf1 Kh2 69. Ke2 g2 70. Ke3 g1=Q+ 71. Kf4 Qf2+ 72. Ke5 f4 73. Kd6 Qe3 74. Ke7 f3 75. Kf6 f2 76. Ke7 Bg2 77. Kd6 e5 78. Ke7 Qd4 79. Kf6 e4+ 80. Kg5 e3 81. Kf5 f1=Q+ 82. Kg6 Qdf4 83. Kh7 Qg5 84. Kh8 Qf8+ 85. Kh7 Be4# 0-1


[Site "https://www.chess.com"]

[Event "Titled Tuesday Blitz May 9 Early 2023"]
[White "Hadzimanolis, Antonios"]
[Black "Ambartsumova, Karina"]
[WhiteFideId "4202813"]
[BlackFideId "4166299"]
[WhiteElo "2242"]
[BlackElo "2240"]
[Result "0-1"]
[Round "11"]
[TimeControl "180+2"]
[Date "2023.05.09"]
[WhiteClock "0:00:02"]
[BlackClock "0:00:20"]

1. e4 c5 2. c3 d5 3. exd5 Qxd5 4. d4 Nc6 5. Nf3 Bf5 6. Na3 e6 7. Nb5 O-O-O 8. Be3 cxd4 9. Nbxd4 Bc5 10. Nxf5 Qxf5 11. Qa4 Bxe3 12. fxe3 Nf6 13. Bb5 Qc5 14. Nd4 Nxd4 15. cxd4 Qb6 16. O-O Kb8 17. Rad1 Rd6 18. Rd3 Rhd8 19. Rb3 Qc7 20. Ba6 Rb6 21. Bc4 Rc8 22. Rxb6 Qxb6 23. b3 Qc7 24. Qb5 Ne4 25. Qe5 Qxe5 26. dxe5 Rc7 27. Bd3 Nc3 28. Bxh7 Nxa2 29. Bg8 Rc5 30. Rxf7 Rxe5 31. Rxg7 Nc1 32. h4 Nxb3 33. Re7 Nc5 34. Kf2 a5 35. h5 Rxh5 36. Bxe6 Re5 37. Re8+ Ka7 38. Bf7 Rf5+ 39. Ke2 Rxf7 40. Re5 b6 41. g4 a4 42. Rd5 a3 43. Rd2 b5 44. g5 b4 0-1


[Site "https://www.chess.com"]

[Event "Titled Tuesday Blitz May 9 Early 2023"]
[White "Spitzl, Vinzent"]
[Black "Shukhman, Anna"]
[WhiteFideId "12901253"]
[BlackFideId "54180058"]
[WhiteElo "2225"]
[BlackElo "2235"]
[Result "1-0"]
[Round "11"]
[TimeControl "180+2"]
[Date "2023.05.09"]
[WhiteClock "0:00:38"]
[BlackClock "0:01:02"]

1. e4 c5 2. Nf3 a6 3. c3 d5 4. exd5 Qxd5 5. d4 Nf6 6. Be2 e6 7. Be3 cxd4 8. Qxd4 Nc6 9. Qd2 Be7 10. O-O O-O 11. Rd1 b5 12. Nd4 Nxd4 13. Bxd4 Qf5 14. Bf3 Nd5 15. Qe1 Bb7 16. Nd2 Bf6 17. Bxf6 Qxf6 18. Ne4 Qg6 19. Nc5 Bc6 20. a4 bxa4 21. Nxa4 Rab8 22. b4 Nxb4 23. Bxc6 Nxc6 24. Nc5 a5 25. Nd7 Rfc8 26. Nxb8 Rxb8 27. Qe3 h5 28. h3 Rb2 29. Qc5 Qf6 30. Qxc6 Qxf2+ 31. Kh1 h4 32. Rf1 Qg3 33. Qf3 Qg6 34. Rxa5 f6 35. Qg4 Qxg4 36. hxg4 Rc2 37. Rc5 Kf7 38. Kh2 Ke7 39. Rd1 g5 40. Rc7+ Ke8 41. Ra1 Kd8 42. Rg7 Rxc3 43. Ra8+ Rc8 44. Rg8+ Kd7 45. Raxc8 Kd6 46. Rgd8+ Ke5 47. Rc5+ Kf4 48. Rc4+ Ke3 49. Rf8 f5 50. gxf5 exf5 51. Rxf5 g4 52. Rxg4 h3 53. Kxh3 Kd3 54. Rgf4 Ke2 55. g4 Ke3 56. g5 Ke2 57. g6 Ke3 58. g7 Ke2 59. g8=Q Ke3 60. Qg3+ Ke2 61. Rf2+ Ke1 62. Qg1# 1-0


[Site "https://www.chess.com"]